 Dungeon Crawl Stone Soup version 0.17-a0-1485-g22cb0ee (webtiles) character file.

32 zhaorenw the Changer (level 3, -2/26 HPs)
             Began as a Merfolk Transmuter on July 5, 2015.
             Slain by a hobgoblin (4 damage)
             ... on level 1 of the Dungeon.
             The game lasted 00:03:40 (1758 turns).

zhaorenw the Changer (Merfolk Transmuter)           Turns: 1758, Time: 00:03:40

Health: -2/26      AC:  5    Str: 10    XL:     3   Next: 27%
Magic:  10/16      EV: 13    Int: 13    God:
Gold:   62         SH:  0    Dex: 14    Spells: 3 memorised, 1 level left

rFire  . . .     SeeInvis .       - Unarmed
rCold  . . .     Clarity  .     b - +0 robe
rNeg   . . .     SustAt   .     (no shield)
rPois  .         Gourm    .     (no helmet)
rElec  .         Spirit   .     (no cloak)
rCorr  .         Warding  .     (no gloves)
rMut   .         Stasis   .     p - +2 pair of boots
MR     .....                    (no amulet)
Stlth  +.........               (no ring)
                                e - ring of magical power {MP+9}

@: very slightly contaminated, not resistant to hostile enchantments, very
unstealthy
A: change form in water, swift swim
a: no special abilities


You were on level 1 of the Dungeon.
You were hungry.

You visited 1 branch of the dungeon, and saw 2 of its levels.

You collected 62 gold pieces.

Inventory:

Missiles
 a - 28 arrows
 g - 16 poisoned arrows
 l - 27 poisoned needles
Armour
 b - a +0 robe (worn)
 p - a +2 pair of boots (worn)
   (You found it on level 2 of the Dungeon)
Jewellery
 e - a ring of magical power (left hand) {MP+9}
   (You found it on level 1 of the Dungeon)
Magical devices
 k - a wand of slowing (28)
   (You found it on level 2 of the Dungeon)
Scrolls
 h - a scroll of blinking {unknown}
 i - a scroll of magic mapping {unknown}
 m - a scroll of fog {unknown}
 n - 5 scrolls of identify {unknown}
 s - a scroll of immolation {unknown}
Potions
 j - a potion of ambrosia {unknown}
 o - a potion of might {unknown}
 q - a potion of haste {unknown}
 t - a potion of curing {unknown}
Books
 c - a book of Changes
Comestibles
 d - 2 bread rations {@e1}
 r - a beef jerky


   Skills:
 - Level 1.1 Fighting
 - Level 2.9 Dodging
 - Level 3.3 Unarmed Combat
 + Level 2.6 Spellcasting
 * Level 3.7 Transmutations


You had one spell level left.
You knew the following spells:

 Your Spells              Type           Power        Failure   Level  Hunger
a - Beastly Appendage     Trmt           ##....       8%          1    #......
r - Spider Form           Trmt/Pois      #.........   34%         3    ###....
s - Sticks to Snakes      Trmt           ##........   10%         2    ###....


Dungeon Overview and Level Annotations

Branches:
Dungeon (2/15)

Altars:

Annotations:
D:2 Natasha


Message History

The goblin hits you with a club.
* * * LOW HITPOINT WARNING * * *
The iron imp barely misses you. Natasha closely misses you.
You take 4 damage, and have 7/26 hp.
Unknown command.
You swap places.
Your ball python bites the iron imp but does no damage.
Your ball python grabs the iron imp.
Your ball python constricts the iron imp.
Natasha claws your ball python!
Your ball python dies!
All of the chunks of flesh in your inventory have rotted away.
Your ball python bites the iron imp.
Your ball python barely misses the iron imp.
Your ball python bites the iron imp but does no damage.
Your ball python grabs the iron imp.
Your ball python constricts the iron imp.
You create a snake!
The iron imp struggles to escape constriction.
Natasha casts a spell.
Your ball python bites the iron imp but does no damage.
Your ball python constricts the iron imp.
The iron imp closely misses your ball python.
Your ball python bites the iron imp.
Your ball python constricts the iron imp.
The white imp barely misses you.
You now have 7/16 mp.
You swap places.
Your ball python barely misses the white imp.
Your ball python closely misses the white imp.
Your ball python bites the iron imp but does no damage.
Your ball python constricts the iron imp.
The iron imp hits your ball python.
Your ball python dies!
The white imp closely misses your ball python.
Casting: Sticks to Snakes You miscast Sticks to Snakes.
The air around you crackles with energy!
Your ball python misses the white imp.
Your ball python closely misses the white imp.
The iron imp picks up a beetle and eats it.
Your ball python bites the iron imp but does no damage.
Your ball python barely misses the iron imp.
You now have 5/16 mp.
Your ball python bites the iron imp but does no damage.
Your ball python grabs the iron imp.
Your ball python constricts the iron imp.
Casting: Sticks to Snakes You create a snake!
Your ball python bites the iron imp but does no damage.
Your ball python constricts the iron imp.
Your horns disappear.
The iron imp hits your ball python!
Your ball python dies!
You now have 4/16 mp.
You swap places.
Your ball python barely misses the iron imp.
Your ball python grabs the iron imp.
Your ball python constricts the iron imp.
The iron imp hits your ball python.
Your ball python dies!
The iron imp disappears in a puff of smoke!
A bat comes into view.
The bat hits you but does no damage. The bat closely misses you.
The bat barely misses you. The bat completely misses you.
The bat closely misses you. The bat hits you but does no damage.
The bat closely misses you. The bat misses you.
The bat hits you but does no damage.
There is a stone staircase leading up here.
The bat barely misses you. The bat hits you.
You climb upwards.
Your magical contamination has completely faded away.
There is a stone staircase leading down here.
You take 1 damage, and have 9/26 hp.
You are too injured to fight recklessly!
You are too injured to fight recklessly!
You start resting.
A hobgoblin comes into view.
You start resting.
The hobgoblin shouts!
There is a stone staircase leading down here.
Casting: Sticks to Snakes You miscast Beastly Appendage.
You are very lightly contaminated with residual magic.
You smell something strange.
The hobgoblin barely misses you.
You now have 9/16 mp.
You barely miss the hobgoblin. The hobgoblin barely misses you.
You hit the hobgoblin. The hobgoblin hits you.
* * * LOW HITPOINT WARNING * * *
You take 3 damage, and have 7/26 hp.
You hit the hobgoblin. The hobgoblin barely misses you.
You hit the hobgoblin but do no damage. The hobgoblin hits you.
* * * LOW HITPOINT WARNING * * *
You take 5 damage, and have 2/26 hp.
Unknown command.
You closely miss the hobgoblin. The hobgoblin hits you.
You die...

######### ........##
.........# ..#..#...#
#..#..#..## .#..#.....#
..#..#....## #######
#..#..#....#######.....##
......)........g@>......##
.####........###.........#
.## ##...##..#...........#
..# #.#.##..#.##.......##
..####.#.###.#.##......##
....##.#.# #...##..#..##
###.##.#.# #...##..##.#
#.##>#.###.......##.##
#.#..#.##....###.##..#


You could see a hobgoblin.

Vanquished Creatures
  An adder (D:2)
  A worm (D:2)
  2 bats (D:1)
  A giant cockroach (D:2)
  3 goblins
  4 hobgoblins
  2 jackals (D:1)
  A quokka (D:2)
  A ball python (D:1)
  A rat (D:1)
17 creatures vanquished.

Vanquished Creatures (collateral kills)
  A giant gecko (D:1)
1 creature vanquished.

Grand Total: 18 creatures vanquished

Notes
Turn   | Place    | Note
--------------------------------------------------------------
     0 | D:1      | zhaorenw the Merfolk Transmuter began the quest for the Orb.
     0 | D:1      | Reached XP level 1. HP: 15/15 MP: 3/3
   513 | D:1      | Reached skill level 3 in Transmutations
   513 | D:1      | Reached XP level 2. HP: 21/21 MP: 5/5
   521 | D:1      | Learned a level 2 spell: Sticks to Snakes
  1358 | D:2      | Reached XP level 3. HP: 22/26 MP: 7/7
  1413 | D:2      | Learned a level 3 spell: Spider Form
  1683 | D:2      | Noticed Natasha
  1757 | D:1      | HP: 2/26 [hobgoblin (5)]
  1758 | D:1      | Slain by a hobgoblin

Vault maps used:
D:1:      minmay_arrival_cross, st_stairs_1, minmay_misc_feat_diagonals
D:2:      nicolae_overflow_hidden_temple, nrook_loot_triangle, uniq_natasha

Action                   || total
-------------------------++-------
Melee: Unarmed           ||    72
 Cast: Beastly Appendage ||    13
       Sticks to Snakes  ||     8
       Spider Form       ||     3
  Eat: Chunk             ||     3

Vault maps used:
D:1:      minmay_arrival_cross, st_stairs_1, minmay_misc_feat_diagonals
D:2:      nicolae_overflow_hidden_temple, nrook_loot_triangle, uniq_natasha

Table legend:
 A = Turns spent in this place as a percentage of turns spent in the entire game.
 B = Non-inter-level travel turns spent in this place as a percentage of non-inter-level travel turns spent in the entire game.
 C = Inter-level travel turns spent in this place as a percentage of turns spent in this place.
 D = Turns resting spent in this place as a percentage of non-inter-level travel turns spent in this place.
 E = Turns spent auto-exploring this place as a percentage of non-inter-level travel turns spent in this place.
 F = Non-inter-level travel turns spent in this place divided by the number of levels of this place that you've seen.
                   A       B       C       D       E      F
               +-------+-------+-------+-------+-------+----------------------
         Total | 100.0 | 100.0 |   0.2 |   6.0 |   6.2 | 332.5
       Dungeon | 100.0 | 100.0 |   0.2 |   6.0 |   6.2 | 332.5
               +-------+-------+-------+-------+-------+----------------------

Table legend:
 A = Kills in this place as a percentage of kills in entire the game.
 B = Kills by you in this place as a percentage of kills by you in the entire game.
 C = Kills by friends in this place as a percentage of kills by friends in the entire game.
 D = Other kills in this place as a percentage of other kills in the entire game.
 E = Experience gained in this place as a percentage of experience gained in the entire game.
 F = Experience gained in this place divided by the number of levels of this place that you have seen.
                   A       B       C       D       E      F
               +-------+-------+-------+-------+-------+----------------------
         Total | 100.0 | 100.0 | 100.0 |  -nan | 100.0 |  23.5
       Dungeon | 100.0 | 100.0 | 100.0 |  -nan | 100.0 |  23.5
               +-------+-------+-------+-------+-------+----------------------
